 Dungeon Crawl Stone Soup version 0.26.1-11-gd32895ea62 (webtiles) character file.

Game seed: 11440339778976184898

99 boopmooplesden the Twirler (level 4, 0/37 HPs)
             Began as a Minotaur Gladiator on July 18, 2021.
             Succumbed to a scorpion's poison
             ... on level 3 of the Dungeon.
             The game lasted 00:01:47 (1686 turns).

boopmooplesden the Twirler (Minotaur Gladiator)     Turns: 1686, Time: 00:01:47

Health: 0/37       AC:  3    Str: 20    XL:     4   Next: 45%
Magic:  3/3        EV: 13    Int:  5    God:
Gold:   40         SH:  0    Dex: 11    Spells: 3/3 levels left

rFire    . . .     SeeInvis .   a - +0 quarterstaff
rCold    . . .     Faith    .   (shield currently unavailable)
rNeg     . . .     Spirit   .   b - +0 leather armour
rPois    .         Reflect  .   c - +0 hat
rElec    .         Harm     .   (no cloak)
rCorr    .         Rampage  .   (no gloves)
Will     .....                  (no boots)
Stlth    +.........             (no amulet)
HPRegen  0.12/turn              (no ring)
MPRegen  0.08/turn              (no ring)

@: lethally poisoned (0 -> -5)
A: retaliatory headbutt, horns 2
a: no special abilities


You were on level 3 of the Dungeon.
You visited 1 branch of the dungeon, and saw 3 of its levels.

You collected 40 gold pieces.

Inventory:

Hand Weapons
 a - a +0 quarterstaff (weapon)
Missiles
 d - 3 throwing nets (quivered)
Armour
 b - a +0 leather armour (worn)
 c - a +0 hat (worn)
 k - a +0 ring mail
Jewellery
 h - an uncursed amulet of regeneration {unknown}
Scrolls
 g - a scroll of enchant weapon {unknown}
 i - 2 scrolls of magic mapping {unknown}
 j - 4 scrolls of identify {unknown}
 l - a scroll of blinking {unknown}
 m - 2 scrolls of remove curse {unknown}
Potions
 e - a potion of degeneration {unknown}
 f - a potion of mutation {unknown}


   Skills:
 + Level 2.6 Fighting
 + Level 5.0 Staves
 + Level 2.1 Throwing
 + Level 1.1 Armour
 + Level 4.4 Dodging


You had 3 spell levels left.
You didn't know any spells.
Your spell library was empty.

Dungeon Overview and Level Annotations

Branches:
Dungeon (2/15)

Altars:

Annotations:
D:2 1 runed translucent door, Crazy Yiuf


Innate Abilities, Weirdness & Mutations

You reflexively headbutt those who attack you in melee.
You have a pair of horns on your head.


Message History

You kill the frilled lizard!
You see here a frilled lizard corpse.
m - 2 scrolls labelled SAPOUS HIORROK (gained 1)
A scorpion comes into view.
Found 2 scrolls labelled WEXZUU JYTA.
You hit the scorpion but do no damage. The scorpion stings you!
You hit the scorpion but do no damage. The scorpion misses you.
You barely miss the scorpion. The scorpion closely misses you.
You barely miss the scorpion. The scorpion stings you!
* * * LOW HITPOINT WARNING * * *
You are poisoned.
The scorpion poisons you!
You hit the scorpion.
You headbutt the scorpion, but do no damage.
The scorpion is moderately wounded.
You feel sick. The scorpion stings you!
* * * LOW HITPOINT WARNING * * *
You hit the scorpion. You headbutt the scorpion.
The scorpion is heavily wounded.
You die...

.? # . .# ..## ..
.. ... ?..#.#
###.# ....###...#
.. #.......# ?...
#..s....# ....#
#...@...# #...#
#.......####
#....#
##.........#
#.....###
#......##.#
#.#....###......#
#
#....#)..†......#
#..####......#
##..###...####
##..####.#


You could see a scorpion.

Vanquished Creatures
  A hound (D:3)
  2 adders
  A worm (D:2)
  4 dart slugs
  A leopard gecko (D:1)
  An orc (D:3)
  4 bats
  7 goblins
  3 hobgoblins
  3 jackals (D:2)
  5 frilled lizards
  6 kobolds (D:1)
  2 rats (D:1)
40 creatures vanquished.

Notes
Turn   | Place    | Note
-------+----------+-------------------------------------------
     0 | D:1      | boopmooplesden the Minotaur Gladiator began the quest for
                  | the Orb.
     0 | D:1      | Reached XP level 1. HP: 18/18 MP: 0/0
   214 | D:1      | Reached XP level 2. HP: 25/25 MP: 1/1
   346 | D:1      | Reached skill level 4 in Staves
   879 | D:1      | Reached XP level 3. HP: 30/30 MP: 2/2
  1560 | D:2      | Found a runed translucent door.
  1561 | D:2      | Noticed Crazy Yiuf
  1579 | D:2      | You fall into a shaft and drop 1 floor!
  1597 | D:3      | Reached skill level 5 in Staves
  1597 | D:3      | Reached skill level 1 in Armour
  1597 | D:3      | Reached XP level 4. HP: 23/37 MP: 3/3
  1685 | D:3      | HP: 1/37 [scorpion (9)]
  1686 | D:3      | Succumbed to a scorpion's poison

Illustrated notes

Levels and vault maps discovered:
D:1:      dpeg_arrival_round_b, layout_basic, minivault_14, minmay_cupped
D:2:      layout_basic, fedhas_altar_fruit_tree, uniq_crazy_yiuf_cottage
D:3:      layout_rooms, uniq_terence, uniq_sigmund, uniq_grinder, uniq_jessica,
          uniq_natasha

Skill      XL: |  1  2  3 |
---------------+----------+-----
Staves         | 4 5 |  5.0
Dodging        | 4 |  4.4
Armour         | 1 |  1.1
Fighting       | |  2.6
Throwing       | |  2.1

Action                   |  1- 3 |  4- 6 || total
-------------------------+-------+-------++-------
Melee: Quarterstaff      |    65 |    14 ||    79
       Headbutt          |    10 |     2 ||    12
Armor: Leather armour    |    11 |     1 ||    12
Dodge: Dodged            |    54 |     7 ||    61
